 Dungeon Crawl Stone Soup version 0.21-a0-552-g593960d (webtiles) character file.

734 aspa the Ruffian (level 7, -52/53 HPs)
             Began as a Troll Monk on Dec 17, 2017.
             Killed from afar by a lich (60 damage)
             ... with a bolt of cold
             ... on level 1 of the Abyss.
             The game lasted 00:09:08 (3557 turns).

aspa the Ruffian (Troll Monk)                       Turns: 3557, Time: 00:09:12

Health: -52/53     AC:  5    Str: 26      XL:     7   Next: 45%
Magic:  6/6        EV: 11    Int:  3 (7)  God:
Gold:   239        SH:  0    Dex: 12      Spells: 6/6 levels left

rFire    . . .     SeeInvis .     - Unarmed
rCold    . . .     Gourm    +   (no shield)
rNeg     . . .     Faith    .   a - +0 robe
rPois    .         Spirit   .   (helmet restricted)
rElec    .         Reflect  .   (no cloak)
rCorr    .         Harm     .   (gloves unavailable)
MR       .....                  (boots unavailable)
Stlth    +.........             (no amulet)
HPRegen  0.57/turn              g - ring of loudness (curse)
MPRegen  0.10/turn              u - +5 ring of strength

@: hasted, drained, very quick
A: large, unfitting armour, claws 3, fast metabolism 3, frail 2, gourmand,
regeneration 1, shaggy fur 1, tough skin 2, no potion heal 1, subdued magic 1
a: no special abilities


You were on level 1 of the Abyss.
You were completely stuffed.

You visited 1 branch of the dungeon, and saw 5 of its levels.
You visited the Abyss 1 time.

You collected 239 gold pieces.

Inventory:

Armour
 a - a +0 robe (worn)
Jewellery
 g - a cursed ring of loudness (left claw)
 u - a +5 ring of strength (right claw)
Wands
 x - a wand of flame (28)
Scrolls
 d - 5 scrolls of identify {unknown}
 e - 2 scrolls of magic mapping {unknown}
 h - a scroll of teleportation {unknown}
 p - a scroll of fear {unknown}
 q - a scroll of enchant weapon {unknown}
 v - a scroll of remove curse {unknown}
Potions
 i - a potion of lignification {unknown}
 j - 2 potions of mutation {unknown}
 k - a potion of curing {unknown}
 n - a potion of magic {unknown}
 o - a potion of haste
 s - a potion of brilliance {unknown}
 t - a potion of flight {unknown}
 w - a potion of might
Comestibles
 b - 3 bread rations
 c - 4 chunks of flesh
 f - 3 meat rations
 l - 3 royal jellies
 r - a fruit


   Skills:
 + Level 3.3(2.8) Fighting
 + Level 4.0(3.4) Dodging
 + Level 1.8(1.2) Stealth
 + Level 6.9(6.3) Unarmed Combat


You had 6 spell levels left.
You didn't know any spells.

Dungeon Overview and Level Annotations

Branches:
Dungeon (5/15)
 Temple: D:4-7

Altars:
Dithmenos
Nemelex Xobeh
Trog

Annotations:
D:5 Edmund


Innate Abilities, Weirdness & Mutations

You are too large for most types of armour.
You have claws for hands.
Your metabolism is lightning-fast.
You like to eat raw meat.
Your natural rate of healing is unusually fast.
You are covered in fur. (AC +1)
You have very tough skin. (AC +2)
You are very frail. (-20% HP)
Potions are less effective at restoring your health.
Your spells are a little easier to cast, but a little less powerful.


Message History

The neqoxec barely misses you. Something touches you!
You feel drained.
You miss the neqoxec.
The neqoxec is almost dead.
The neqoxec gestures at you.
You feel dopey. Something feeds on your intellect! Something touches you.
You closely miss the neqoxec.
The neqoxec is almost dead.
The neqoxec gestures at you.
Strange energies course through your body.
Your system partially rejects the healing effects of potions.
You hear some strange, mumbled words.
Something tries to affect you, but you resist.
It was a potion of haste.
You feel yourself speed up. The neqoxec hits you!
* * * LOW HITPOINT WARNING * * *
You hear some strange, mumbled words.
A bolt of cold appears from out of thin air!
The bolt of cold hits you!
Ouch! That really hurt!
You die...

.. .
.##.####........#
. ... ##.#...#..
..#. #.... ##...
..#....# ###.
.###.... .#.#.#
#. #
##..#..#....# ##
# #.##.#.#..# .##
.2##..### #....
..###{.....#..
...# ..
..##..@3...... .
# # # .
#.##..#..## ..#
#. .# #.# .....#
... ....##
.#....#....
..#.#...#.#.. ..
.#..## .. . .## .
# #. .# .


You could see a cacodemon and a neqoxec.

Vanquished Creatures
  A phantom (D:4)
  An ogre (D:4)
  A howler monkey (D:4)
  A hound (D:5)
  4 orc priests
  3 orc wizards (D:4)
  Ijyb (D:5)
  2 worker ants
  4 gnolls (D:2)
  8 adders
  4 worms
  A dart slug (D:1)
  4 leopard geckos
  16 orcs
  2 ball pythons
  2 bats (D:2)
  6 giant cockroaches
  10 goblins
  6 hobgoblins
  4 jackals
  3 kobolds (D:2)
  2 quokkas
  8 frilled lizards
  A leopard gecko skeleton (D:5)
  5 rats
100 creatures vanquished.

Notes
Turn   | Place    | Note
-------+----------+-------------------------------------------
     0 | D:1      | aspa the Troll Monk began the quest for the Orb.
     0 | D:1      | Reached XP level 1. HP: 22/22 MP: 0/0
   207 | D:1      | Reached XP level 2. HP: 26/29 MP: 1/1
   825 | D:2      | Reached XP level 3. HP: 36/36 MP: 2/2
   871 | D:2      | Found a shadowy altar of Dithmenos.
   899 | D:2      | Found a bloodstained altar of Trog.
  1011 | D:2      | Reached XP level 4. HP: 41/44 MP: 3/3
  1021 | D:2      | Reached skill level 4 in Unarmed Combat
  1178 | D:2      | Found a faded altar of an unknown god.
  1729 | D:3      | Found a sparkling altar of Nemelex Xobeh.
  2103 | D:3      | Reached XP level 5. HP: 50/52 MP: 4/4
  2428 | D:4      | Noticed a phantom
  2448 | D:4      | Reached skill level 5 in Unarmed Combat
  2487 | D:4      | Killed a phantom
  2487 | D:4      | Reached XP level 6. HP: 34/61 MP: 5/5
  2554 | D:5      | Entered Level 5 of the Dungeon
  2822 | D:4      | Reached skill level 6 in Unarmed Combat
  2942 | D:4      | Reached XP level 7. HP: 64/67 MP: 6/6
  3345 | D:5      | Noticed Ijyb
  3354 | D:5      | Killed Ijyb
  3495 | D:5      | Noticed Edmund
  3499 | D:5      | Cast into level 1 of the Abyss (Edmund)
  3533 | Abyss:1  | Noticed a lich
  3543 | Abyss:1  | Noticed a neqoxec
  3547 | Abyss:1  | Gained mutation: You are frail. (-10% HP) [a neqoxec]
  3548 | Abyss:1  | Gained mutation: You are very frail. (-20% HP) [a neqoxec]
  3549 | Abyss:1  | Gained mutation: Your spells are a little easier to cast, but a little less powerful. [a neqoxec]
  3555 | Abyss:1  | Noticed a cacodemon
  3556 | Abyss:1  | Gained mutation: Potions are less effective at restoring your health. [a neqoxec]
  3557 | Abyss:1  | Killed from afar by a lich

Vault maps used:
D:1:      saegor_arrival_under_anarchy, hangedman_feature_mirror
D:2:      overflow_temple_1_default, old_standard_altar,
          chequers_ecumenical_altar_twisty, first_bread
D:3:      nicolae_overflow_hidden_temple, nemelex_xobeh_ov_fountains_minmay
D:5:      kennysheep_mini, amethyst_overflow_temple_binary,
          kennysheep_generic_room_12, uniq_edmund, uniq_ijyb

Skill      XL: |  1  2  3  4  5  6  7 |
---------------+----------------------+-----
Dodging        | 3 4 |  4.0
Unarmed Combat | 4 5 6 |  6.9
Fighting       | 3 |  3.3
Stealth        | |  1.8

Action                   |  1- 3 |  4- 6 |  7- 9 || total
-------------------------+-------+-------+-------++-------
Melee: Unarmed           |   106 |   161 |    40 ||   307
       Punch             |     1 |     5 |       ||     6
Throw: Throwing net      |       |       |     1 ||     1
  Use: Potion            |       |     1 |     1 ||     2
 Stab: Sleeping          |     2 |       |       ||     2
  Eat: Chunk             |    15 |    17 |     6 ||    38
Armor: Robe              |    37 |    41 |     7 ||    85
Dodge: Dodged            |    35 |    85 |    12 ||   132

Table legend:
 A = Spawn XP
 B = Non-spawn XP
 C = Spawn XP percentage of total XP
 D = Spawn monster count
 E = Non-spawn monster count
 F = Spawn count percentage of total count
 G = Total turns spent on level
                    A         B        C        D         E        F      G
               +---------+---------+-------+---------+---------+-------+---------
         Total |       0 |    1049 |   0.0 |       0 |     100 |   0.0 |  3557
               +---------+---------+-------+---------+---------+-------+---------
           D:1 |       0 |      31 |   0.0 |       0 |      16 |   0.0 |   814
           D:2 |       0 |     139 |   0.0 |       0 |      31 |   0.0 |   775
           D:3 |       0 |      47 |   0.0 |       0 |      14 |   0.0 |   834
           D:4 |       0 |     655 |   0.0 |       0 |      29 |   0.0 |   875
           D:5 |       0 |     177 |   0.0 |       0 |      10 |   0.0 |   201
               +---------+---------+-------+---------+---------+-------+---------
